Map: Galactic Process LE

Players

Nickos - Winner!

  • Race: Terran Terran
  • League: Silver

CryoPony

  • Race: Protoss Protoss

VOD

Have the link to the VOD?

Description

Time

  • Played on: Sept. 15, 2016, 8:46 p.m.
  • Length: 11:53
Show
View Real Time Build Order
Export as new Build Order

Nickos Terran - Winner!

Build Orders: MMM Bio 

Get SALT Encoding   

  12  0:01  SCV  
  13  0:13  SCV  
  14  0:19  Supply Depot  
  14  0:25  SCV  
  15  0:40  SCV  
  16  0:44  Barracks  
  16  0:52  SCV  
  17  1:04  SCV  
  18  1:16  SCV  
  19  1:27  Command Center  
  19  1:29  SCV  
  20  1:37  Marine  
  21  1:41  Barracks, SCV  
  22  1:52  Refinery  
  22  1:54  Marine  
  23  2:02  Supply Depot  
  23  2:04  Orbital Command  
  23  2:24  Marine  
  23  2:25  Supply Depot  
  24  2:33  Barracks  
  24  2:35  SCV  
  25  2:41  Marine  
  26  2:54  SCV  
  26  2:55  Orbital Command  
  27  3:06  Marine x2, SCV  
  30  3:18  SCV  
  31  3:21  Barracks Tech Lab  
  31  3:23  Refinery  
  31  3:24  Factory  
  31  3:26  SCV  
  32  3:27  Barracks  
  32  3:36  SCV  
  32  3:38  Barracks Reactor  
  32  3:39  SCV  
  34  3:43  Barracks Reactor  
  34  3:48  SCV  
  35  3:51  SCV  
  36  4:00  SCV  
  36  4:02  Marine  
  38  4:03  SCV  
  38  4:08  Starport  
  39  4:12  SCV  
  39  4:15  SCV  
  41  4:24  SCV  
  41  4:27  SCV  
  41  4:29  Marine x3, Stimpack  
  41  4:30  Marine x2  
  48  4:33  Supply Depot  
  48  4:35  Supply Depot  
  48  4:36  SCV  
  49  4:39  SCV  
  49  4:40  Factory Reactor  
  50  4:47  Marine x2  
  50  4:48  SCV  
  53  4:54  SCV  
  53  4:55  Medivac  
  53  4:58  Marine  
  53  4:59  Marine  
  58  5:02  Command Center  
  58  5:04  Barracks Tech Lab  
  58  5:14  SCV x2  
  58  5:20  Engineering Bay  
  58  5:21  Engineering Bay  
  60  5:24  Marine x5  
  60  5:26  SCV x2  
  67  5:31  Marauder  
  67  5:32  Combat Shields  
  69  5:38  SCV  
  70  5:50  Supply Depot  
  70  5:52  Supply Depot  
  70  5:58  Terran Infantry Weapons Level 1  
  70  6:03  Supply Depot  
  70  6:12  Medivac, SCV x2, Marauder, Marine x2  
  70  6:13  Marine x3  
  70  6:17  Orbital Command  
  81  6:18  Medivac  
  81  6:24  SCV x2  
  85  6:26  Refinery  
  85  6:29  Marine  
  85  6:32  Marine x4  
  88  6:33  Marine  
  91  6:40  SCV  
  91  6:41  SCV  
  91  6:42  Terran Infantry Armor Level 1  
  91  6:45  Supply Depot  
  93  6:51  Supply Depot  
  93  6:55  Medivac  
  93  6:58  Refinery  
  93  7:01  Marine x2  
  95  7:02  Marine x3  
  95  7:03  Marauder  
  95  7:04  Orbital Command  
  102  7:14  SCV x2  
  104  7:20  Marauder  
  104  7:21  Marine x3  
  108  7:24  Marauder  
  108  7:26  SCV  
  108  7:28  Supply Depot  
  111  7:33  Armory, SCV x2  
  113  7:42  Marauder  
  115  7:48  Barracks  
  115  7:55  Barracks  
  115  7:57  Starport  
  115  8:02  SCV x3  
  118  8:08  Medivac x2  
  118  8:09  Marine x5  
  118  8:10  Marine  
  128  8:14  SCV  
  128  8:15  Concussive Shells  
  129  8:20  SCV  
  129  8:21  SCV  
  129  8:24  Terran Infantry Weapons Level 2  
  129  8:26  Marine  
  132  8:34  Sensor Tower  
  132  8:40  SCV  
  133  8:51  Terran Infantry Armor Level 2  
  133  8:54  Barracks Tech Lab  
  133  8:59  Marine x2  
  133  9:00  Marauder x2, Supply Depot, SCV x2  
  133  9:01  Supply Depot  
  141  9:21  Medivac, Barracks Tech Lab, SCV x2, Marauder, Marine x2  
  141  9:22  Medivac  
  141  9:23  Marauder x2  
  155  9:27  Refinery  
  155  9:29  Marine x2  
  157  9:36  Barracks x2  
  157  9:37  Barracks  
  157  9:38  Command Center  
  157  9:39  Barracks  
  157  9:40  Refinery, Barracks  
  157  9:50  Supply Depot  
  157  9:51  Supply Depot, Marine x2  
  157  9:52  Marauder x2, SCV  
  164  9:57  Marauder x2  
  164  9:59  Marine x2  
  170  10:01  Medivac x2  
  170  10:06  Starport Tech Lab  
  174  10:13  Marauder x2  
  178  10:19  Marine x3, Marauder x2  
  178  10:20  Marine  
  186  10:31  Medivac x2  
  186  10:33  Barracks Reactor x3  
  186  10:34  Barracks Tech Lab x2, Marine x2  
  192  10:37  Marine x2  
  192  10:40  Marauder  
  196  10:53  Marine x3  
  199  11:08  Marine  
  199  11:09  Marine x2  
  199  11:10  Marauder x4  
  199  11:11  Marauder x2  
  167  11:22  Marine x4  
  167  11:23  Marine x3  
  171  11:31  Marauder x2  
  171  11:32  Marauder  
Show
View Real Time Build Order
Export as new Build Order

CryoPony Protoss 

Build Orders:  

Get SALT Encoding   

  12  0:01  Probe (Chrono Boost)  
  13  0:17  Probe (Chrono Boost)  
  13  0:19  Pylon  
  14  0:30  Probe (Chrono Boost)  
  14  0:33  Assimilator  
  15  0:44  Probe (Chrono Boost)  
  15  0:46  Gateway  
  16  1:01  Pylon  
  16  1:02  Probe (Chrono Boost)  
  17  1:12  Pylon  
  17  1:15  Probe (Chrono Boost)  
  19  1:25  Probe (Chrono Boost)  
  19  1:37  Cybernetics Core, Probe (Chrono Boost)  
  20  1:50  Probe (Chrono Boost)  
  21  2:07  Probe (Chrono Boost)  
  22  2:13  Assimilator  
  22  2:21  Gateway  
  22  2:23  Forge  
  22  2:25  Pylon  
  22  2:35  Mothership Core (Chrono Boost)  
  24  2:42  Protoss Ground Weapons Level 1  
  24  2:54  Probe (Chrono Boost)  
  24  2:56  Warp Gate  
  25  3:05  Nexus  
  25  3:19  Stalker  
  27  3:22  Stalker  
  30  3:28  Probe (Chrono Boost)  
  30  3:36  Pylon  
  30  4:06  Stalker x2  
  34  4:18  Probe (Chrono Boost)  
  35  4:28  Probe (Chrono Boost)  
  36  4:39  Twilight Council  
  36  4:43  Probe (Chrono Boost)  
  37  4:52  Robotics Facility  
  37  4:53  Probe (Chrono Boost)  
  37  4:59  Protoss Ground Weapons Level 2  
  38  5:04  Probe (Chrono Boost)  
  39  5:11  Gateway x2, Adept x2  
  43  5:15  Probe (Chrono Boost)  
  43  5:16  Resonating Glaives  
  44  5:25  Probe (Chrono Boost)  
  45  5:36  Probe (Chrono Boost)  
  45  5:37  Gateway  
  45  5:41  Immortal  
  50  5:46  Probe (Chrono Boost)  
  51  5:55  Adept x2  
  56  5:57  Probe (Chrono Boost)  
  56  6:21  Probe (Chrono Boost)  
  56  6:24  Immortal  
  61  6:31  Probe (Chrono Boost)  
  62  6:33  Pylon  
  62  6:38  Pylon  
  62  6:41  Pylon  
  62  6:51  Probe (Chrono Boost)  
  63  6:59  Adept x5  
  73  7:01  Probe (Chrono Boost)  
  74  7:09  Pylon  
  74  7:12  Pylon, Immortal  
  74  7:13  Probe (Chrono Boost)  
  79  7:18  Assimilator, Protoss Ground Weapons Level 3  
  79  7:22  Assimilator  
  79  7:41  Nexus  
  79  7:44  Pylon  
  79  7:46  Pylon  
  79  7:49  Probe (Chrono Boost)  
  81  7:51  Observer  
  81  8:00  Probe (Chrono Boost)  
  82  8:08  Adept x5  
  82  8:12  Immortal  
  96  8:24  Probe (Chrono Boost)  
  97  8:35  Probe (Chrono Boost)  
  97  8:40  Adept x3, Pylon  
  97  8:41  Adept x2  
  108  8:55  Probe (Chrono Boost)  
  110  8:56  Probe (Chrono Boost)  
  110  8:57  Pylon  
  110  8:58  Pylon  
  110  9:00  Probe (Chrono Boost)  
  111  9:07  Immortal  
  115  9:10  Sentry  
  115  9:11  Sentry x2  
  115  9:12  Stalker  
  115  9:17  Stalker  
  125  9:20  Probe x2 (Chrono Boost)  
  127  9:27  Pylon  
  127  9:40  Probe (Chrono Boost)  
  127  9:42  Probe (Chrono Boost)  
  127  9:44  Immortal  
  129  9:46  Adept  
  129  9:47  Adept x4  
  143  10:20  Adept x5  
  153  10:30  Observer  
  154  10:50  Stargate  
  68  11:20  Adept x5  
Tags
 
Composition
MMM Bio
League
Silver
Matchup
PvT
Replay Pack
Nickos replay
Add a new tag
Caveats
  • Supply blocks, unpowered buildings, or Contaminate may cause inaccurate times.
  • Supply counts are checked every 10 seconds.